AoeStats
← OM | Romeo D. Sins

African Clearing

510480859Analyzed
4v4 RM · 1d ago on Oct 1, 2026· 25m 48s· 8 players
Game mode
Random Map
Map size
Large (8 player)
Population
200
Speed
Normal
Resources
Standard
Victory
Conquest
Starting age
Dark Age
Ending age
Imperial Age
RankedLock teamsTeams togetherTeam positionsShared explorationLock speedFull tech treeHidden civsTurbo modeCheats
Victory
Defeat
🇧🇩 Tupi · Bangladesh
1346
+18
🇨🇳 Italians · China
1329
+19
🇺🇸 Wei · United States
1275
+21
🇺🇸 Japanese · United States
1251
+22
🇲🇽 Berbers · Mexico
1434
-22
🇲🇽 Magyars · Mexico
1410
-21
🇺🇸 Varangians · United States
1354
-19
🇲🇽 Huns · Mexico
1350
-18
Taco East
12:33 Feudal Age
14:41 Loom
17:33 Castle Age
16:11 Double-Bit Axe
16:19 Fletching
20:18 Scale Mail Armor
Lion Heart
10:36 Loom
12:44 Feudal Age
18:03 Castle Age
棒总
3:32 Loom
13:33 Feudal Age
17:37 Castle Age
15:26 Double-Bit Axe
16:01 Stone Mining
16:35 Gold Mining
17:11 Horse Collar
23:25 Fletching
_Orca_
5:41 Loom
13:01 Feudal Age
17:56 Castle Age
alexisjcw
3:54 Loom
13:25 Feudal Age
13:30 Man-at-Arms
15:22 Town Watch
18:45 Double-Bit Axe
20:50 Horse Collar
25:47 Castle Age
25:18 Fletching
King Spartacus
8:54 Loom
12:02 Feudal Age
12:33 Double-Bit Axe
17:37 Horse Collar
18:48 Fletching
20:10 Wheelbarrow
21:49 Town Watch
26:41 Castle Age
GEN0S
11:49 Feudal Age
12:21 Double-Bit Axe
16:25 Bloodlines
20:24 Scale Barding Armor
22:37 Horse Collar
23:19 Loom
25:48 Castle Age
OM | Romeo D. Sins
2:46 Loom
11:36 Feudal Age
13:49 Town Watch
14:03 Fletching
14:15 Scale Mail Armor
22:12 Double-Bit Axe
22:19 Stone Mining
27:08 Castle Age
25:28 Horse Collar
Connection lost

Rejoining the realm…

Still unreachable

The connection could not be restored.

Session expired

The server has moved on; the page needs a fresh start.